 Dungeon Crawl Stone Soup version 0.19.1 (webtiles) character file.

2030 Firecrotchwizard the Destroyer (level 9, -5/45 HPs)
             Began as a Deep Elf Conjurer on Dec 9, 2016.
             Was a Follower of Vehumet.
             Killed by divine providence
             ... invoked by an orc priest
              (10 damage)
             ... on level 6 of the Dungeon.
             The game lasted 00:36:15 (9501 turns).

Firecrotchwizard the Destroyer (Deep Elf Conjurer)  Turns: 9501, Time: 00:36:16

Health: -5/45      AC:  5    Str:  5    XL:     9   Next: 3%
Magic:  3/22       EV: 16    Int: 24    God:    Vehumet [*.....]
Gold:   349        SH:  0    Dex: 15    Spells: 5 memorised, 9 levels left

rFire  + . .     SeeInvis +     x - staff of fire
rCold  . . .     Gourm    .     z - +1 robe {rN+}
rNeg   + . .     Faith    .     (no shield)
rPois  .         Spirit   .     n - +0 hat
rElec  .         Reflect  .     (no cloak)
rCorr  .         Harm     .     t - +0 pair of gloves
MR     .....                    G - +0 pair of boots of Protective Custody {Stlth+} (curse)
Stlth  ++++......               (no amulet)
                                y - ring of see invisible
                                r - ring of wizardry

@: no status effects
A: no striking features
a: Renounce Religion


You were on level 6 of the Dungeon.
You worshipped Vehumet.
Vehumet was aware of your devotion.
You were hungry.

You visited 2 branches of the dungeon, and saw 8 of its levels.

You collected 349 gold pieces.

Inventory:

Hand Weapons
 g - a +0 short sword
 i - a +1 dagger of venom
 v - a +4 flail
Armour
 a - a +0 robe
 n - a +0 hat (worn)
 t - a +0 pair of gloves (worn)
 z - a +1 robe of positive energy (worn)
 G - the cursed +0 pair of boots of Protective Custody (worn) {Stlth+}
   (You found it on level 6 of the Dungeon)

   It makes you more stealthy.
   It has a curse placed upon it.
Magical Staves
 x - an uncursed staff of fire (weapon)
Jewellery
 r - a ring of wizardry (left hand)
 y - a ring of see invisible (right hand)
Scrolls
 f - 3 scrolls of immolation
 h - a scroll of remove curse
 m - 5 scrolls of identify
 p - a scroll of amnesia
 q - 3 scrolls of fog
 B - a scroll of magic mapping {unknown}
 C - 3 scrolls of summoning {unknown}
 D - a scroll of enchant armour {unknown}
 E - a scroll of enchant weapon {unknown}
Potions
 e - 2 potions of ambrosia
 j - 2 potions of flight {unknown}
 k - a potion of brilliance {unknown}
 l - a potion of agility {unknown}
 o - a potion of cancellation {unknown}
 s - 2 potions of lignification
 u - 2 potions of cure mutation {unknown}
 F - 2 potions of berserk rage {unknown}
Books
 b - a book of Conjurations

   Spells                             Type                      Level
   a - Magic Dart                     Conjuration                  1
   b - Searing Ray                    Conjuration                  2
   c - Dazzling Spray                 Conjuration/Hexes            3
   d - Fulminant Prism                Conjuration/Hexes            4
   e - Iskenderun's Mystic Blast      Conjuration                  4
   f - Iskenderun's Battlesphere      Conjuration/Charms           5
 A - a book of Cantrips

   Spells                             Type                      Level
   a - Confusing Touch                Hexes                        1
   b - Animate Skeleton               Necromancy                   1
   c - Summon Small Mammal            Summoning                    1
   d - Apportation                    Translocation                1
Comestibles
 c - 4 bread rations
 w - a meat ration
 H - a beef jerky


   Skills:
 + Level 6.5 Dodging
 + Level 6.5 Stealth
 + Level 7.3 Spellcasting
 * Level 8.4 Conjurations
 * Level 2.7 Fire Magic
 + Level 3.8 Evocations


You had 9 spell levels left.
You knew the following spells:

 Your Spells              Type           Power        Failure   Level  Hunger
a - Magic Dart            Conj           ####         1%          1    None
b - Searing Ray           Conj           #####.       1%          2    None
c - Iskenderun's Mystic   Conj           #####...     1%          4    ###....
d - Iskenderun's Battles  Conj/Chrm      ####....     14%         5    #####..
e - Flame Tongue          Conj/Fire      #####        1%          1    None


Dungeon Overview and Level Annotations

Branches:
Dungeon (7/15)             Temple (1/1) D:4

Altars:
Ashenzari
Cheibriados
Dithmenos
Elyvilon
Gozag
Hepliaklqana
Nemelex Xobeh
Okawaru
Ru
Sif Muna
Uskayaw
Vehumet
Xom
Yredelemnul
The Shining One

Annotations:
D:5 Buffagor's ghost, amateur GrFi


Message History

Casting: Magic Dart
Confirm with . or Enter, or press ? or * to list all spells.
Aiming: Magic Dart
Press: ? - help, Shift-Dir - straight line, f/p - orc warrior
Aim: an orc warrior, wielding a halberd and wearing a plate armour (almost dead)
The magic dart hits the orc warrior.
The orc warrior is almost dead.
The orc priest calls down the wrath of Beogh upon you.
Beogh smites you!
* * * LOW HITPOINT WARNING * * *
The orc warrior completely misses you.
You feel better.
The orc priest looks satisfied for a moment.
The orc priest miscasts a cantrip.
The orc priest invokes the aid of Beogh against you.
Beogh smites you!
* * * LOW HITPOINT WARNING * * *
The orc priest calls down the wrath of Beogh upon you.
Beogh smites you!
You die...

### ####.# o.o..#
####.#############
..#.....o....o..#
#.#############@# #.# #.# #.# #.#
#.###### #.# #.##...# #.#
#.##...# #.# ##
##.##...########.###############.
#...'...'........................
#.###...##.#####.#.....#####.###.


You could see an orc warrior and an orc priest.

Vanquished Creatures
  A hippogriff (D:5)
  A black bear (D:6)
  2 sky beasts
  A phantom (D:4)
  An ogre (D:6)
  A centaur (D:6)
  4 bullfrogs (D:6)
  A scorpion (D:5)
  A crimson imp (D:6)
  A quasit (D:5)
  6 orc priests
  3 hounds
  A jelly (D:6)
  2 iguanas
  6 orc wizards
  3 worker ants
  A worker ant zombie (D:5)
  7 gnolls
  9 adders
  2 shadow imps (D:5)
  An ooze (D:2)
  3 worms
  2 dart slugs (D:1)
  10 leopard geckos
  35 orcs
  11 bats
  4 giant cockroaches
  12 goblins
  13 hobgoblins
  7 jackals
  4 quokkas
  A ball python zombie (D:5)
  5 frilled lizards
  11 kobolds
  13 rats
186 creatures vanquished.

Vanquished Creatures (others)
  An orc wizard (D:5)
1 creature vanquished.

Grand Total: 187 creatures vanquished

Notes
Turn   | Place    | Note
-------+----------+-------------------------------------------
     0 | D:1      | Firecrotchwizard the Deep Elf Conjurer began the quest for the Orb.
     0 | D:1      | Reached XP level 1. HP: 10/10 MP: 6/6
   176 | D:1      | Reached XP level 2. HP: 15/15 MP: 8/8
   345 | D:1      | Learned a level 2 spell: Searing Ray
   880 | D:1      | Reached XP level 3. HP: 19/19 MP: 8/10
  1657 | D:2      | Reached skill level 5 in Conjurations
  1677 | D:2      | Reached XP level 4. HP: 24/24 MP: 10/12
  1683 | D:2      | Learned a level 4 spell: Iskenderun's Mystic Blast
  2021 | D:2      | Found a deep blue altar of Sif Muna.
  2585 | D:3      | Reached XP level 5. HP: 28/28 MP: 9/14
  2592 | D:3      | Learned a level 5 spell: Iskenderun's Battlesphere
  2688 | D:3      | Noticed a sky beast
  3455 | D:3      | Reached skill level 6 in Conjurations
  3595 | D:3      | Killed a sky beast
  3595 | D:3      | Reached skill level 5 in Spellcasting
  3595 | D:3      | Reached XP level 6. HP: 4/32 MP: 0/15
  4381 | D:3      | Found a glowing golden altar of the Shining One.
  4861 | D:4      | Reached XP level 7. HP: 36/36 MP: 0/17
  5281 | D:4      | Reached skill level 7 in Conjurations
  5368 | D:4      | Found a hide-covered altar of Uskayaw.
  5377 | D:4      | Reached skill level 5 in Dodging
  5639 | D:4      | Found a sacrificial altar of Ru.
  5648 | D:4      | Reached skill level 5 in Stealth
  5852 | D:4      | Found a staircase to the Ecumenical Temple.
  5859 | Temple   | Entered the Ecumenical Temple
  5935 | Temple   | Became a worshipper of Vehumet
  6197 | D:4      | Found a snail-covered altar of Cheibriados.
  6197 | D:4      | Found a faded altar of an unknown god.
  6202 | D:4      | Found a faded altar of an unknown god.
  6204 | D:4      | Found a faded altar of an unknown god.
  6205 | D:4      | Found a shadowy altar of Dithmenos.
  6283 | D:5      | Entered Level 5 of the Dungeon
  6315 | D:5      | Noticed Buffagor's ghost (amateur GrFi)
  6489 | D:5      | Reached skill level 1 in Evocations
  7304 | D:5      | Noticed a hippogriff
  7309 | D:5      | Killed a hippogriff
  7309 | D:5      | Reached XP level 8. HP: 36/41 MP: 9/19
  8168 | D:6      | Reached * piety under Vehumet
  8168 | D:6      | Offered knowledge of Flame Tongue by Vehumet.
  8171 | D:6      | Learned a level 1 spell: Flame Tongue
  8375 | D:6      | Reached skill level 8 in Conjurations
  8474 | D:6      | Found a hazy altar of Hepliaklqana.
  8529 | D:6      | Reached skill level 1 in Fire Magic
  8895 | D:6      | Got a pair of smoking boots
  8901 | D:6      | Identified the cursed +0 pair of boots of Protective Custody {Stlth+} (You found it on level 6 of the Dungeon)
  9061 | D:6      | Found a shattered altar of Ashenzari.
  9200 | D:6      | Found a sparkling altar of Nemelex Xobeh.
  9200 | D:6      | Found an opulent altar of Gozag.
  9210 | D:6      | Reached XP level 9. HP: 32/45 MP: 2/22
  9485 | D:6      | HP: 2/45 [orc priest/divine providence (12)]
  9501 | D:6      | Killed from afar by an orc priest

Skill      XL: |  1  2  3  4  5  6  7  8 |
---------------+-------------------------+-----
Stealth        | 3 4 5 6 |  6.5
Spellcasting   | 4 5 6 7 |  7.3
Conjurations   | 5 6 7 8 |  8.4
Dodging        | 3 4 5 6 |  6.5
Evocations     | 2 3 |  3.8
Fire Magic     | 2 |  2.7

Action                   |  1- 3 |  4- 6 |  7- 9 || total
-------------------------+-------+-------+-------++-------
Melee: Dagger            |    13 |    10 |       ||    23
       Staff             |       |       |    24 ||    24
 Cast: Magic Dart        |    68 |   156 |   222 ||   446
       Iskenderun's Myst |       |    11 |    31 ||    42
       Iskenderun's Batt |       |     2 |     4 ||     6
       Searing Ray       |       |     1 |     2 ||     3
  Use: Scroll            |       |       |     8 ||     8
       Potion            |       |       |     3 ||     3
 Stab: Sleeping          |     1 |       |       ||     1
  Eat: Chunk             |     1 |     6 |    11 ||    18
       Royal jelly       |       |     1 |       ||     1
       Bread ration      |       |     1 |       ||     1
       Fruit             |       |       |     3 ||     3
       Meat ration       |       |       |     1 ||     1
Armor: Robe              |     8 |     6 |    13 ||    27
Dodge: Dodged            |    21 |    17 |    84 ||   122
